 Dungeon Crawl Stone Soup version 0.19.1 (webtiles) character file.

17438 Ladykiller69 the Slicer (level 12, 0/70 HPs)
             Began as a High Elf Assassin on Dec 14, 2016.
             Was a Follower of Uskayaw.
             Slain by a slime creature (8 damage)
             ... on level 11 of the Dungeon.
             The game lasted 01:02:55 (16686 turns).

Ladykiller69 the Slicer (High Elf Assassin)        Turns: 16686, Time: 01:02:55

Health: 0/70       AC: 15    Str: 12    XL:     12   Next: 18%
Magic:  18/18      EV: 20    Int: 18    God:    Uskayaw [*.....]
Gold:   443        SH:  9    Dex: 25    Spells: 0 memorised, 11 levels left

rFire  . . .     SeeInvis .     A - +6 rapier of the Wheel {venom, rPois MR- Str+2 Dex+5}
rCold  + . .     Gourm    .     F - +0 mottled dragon scales
rNeg   . . .     Faith    +     Q - +2 buckler {reflect}
rPois  +         Spirit   .     D - +0 helmet
rElec  .         Reflect  +     P - +2 cloak
rCorr  .         Harm     .     J - +0 pair of gloves
MR     +....                    w - +0 pair of boots
Stlth  ++++......               L - amulet of faith
                                C - ring of protection from cold
                                s - ring of protection from magic

@: no status effects
A: no striking features
a: Stomp, Renounce Religion


You were on level 11 of the Dungeon.
You worshipped Uskayaw.
Uskayaw was noncommittal.
You were hungry.

You visited 2 branches of the dungeon, and saw 13 of its levels.

You collected 668 gold pieces.
You spent 225 gold pieces at shops.

Inventory:

Hand Weapons
 b - a +0 blowgun
 A - the +6 rapier of the Wheel (weapon) {venom, rPois MR- Str+2 Dex+5}
   (You bought it in a shop on level 8 of the Dungeon)

   It poisons the flesh of those it strikes.
   It affects your strength (+2).
   It affects your dexterity (+5).
   It protects you from poison.
   It affects your resistance to hostile enchantments.
 U - a +1 scimitar of flaming
 X - a +1 shortbow of freezing
Missiles
 e - 74 poisoned needles
 f - 6 curare-tipped needles
 j - 6 needles of paralysis
 k - 659 stones (quivered)
 t - 339 arrows
Armour
 v - a +2 robe of cold resistance
 w - a +0 pair of boots (worn)
 D - a +0 helmet (worn)
 F - +0 mottled dragon scales (worn)
 J - a +0 pair of gloves (worn)
 P - a +2 cloak (worn)
 Q - a +2 buckler of reflection (worn)
 Z - a +1 scale mail of fire resistance
Magical Staves
 c - an uncursed staff of death
 W - an uncursed staff of earth
Jewellery
 s - a ring of protection from magic (left hand)
 C - a ring of protection from cold (right hand)
 L - an amulet of faith (around neck)
 V - a +4 amulet of reflection
Wands
 I - a wand of disintegration (23/24)
 K - a wand of disintegration (14/24)
 R - a wand of iceblast (8/15)
 S - a wand of polymorph (20/24)
Scrolls
 l - 3 scrolls of identify
 m - a scroll of amnesia
 r - 2 scrolls of blinking
 u - 7 scrolls of remove curse
 z - a scroll of enchant weapon
 G - 2 scrolls of immolation
 H - 4 scrolls of magic mapping
 Y - a scroll of holy word
Potions
 h - 2 potions of invisibility
 i - 2 potions of cure mutation
 n - 3 potions of lignification
 x - 4 potions of curing
 B - 2 potions of magic
 E - 2 potions of cancellation
 M - a potion of agility
 O - a potion of haste
Books
 d - a book of Maledictions

   Spells                             Type                      Level
   a - Corona                         Hexes                        1
   b - Ensorcelled Hibernation        Hexes/Ice                    2
   c - Confuse                        Hexes                        3
   d - Tukima's Dance                 Hexes                        3
   e - Dazzling Spray                 Conjuration/Hexes            3
 y - a book of Transfigurations

   Spells                             Type                      Level
   a - Irradiate                      Conjuration/Transmutation    5
   b - Statue Form                    Transmutation/Earth          6
   c - Hydra Form                     Transmutation                6
   d - Dragon Form                    Transmutation                7
Comestibles
 g - 5 bread rations
 o - 3 meat rations
 p - 9 royal jellies
 q - 3 slices of pizza
 N - 7 beef jerkies
 T - 3 fruits


   Skills:
 - Level 2.0 Fighting
 + Level 13.1 Short Blades
 - Level 2.0 Throwing
 + Level 8.7 Armour
 + Level 9.1 Dodging
 - Level 9.1 Stealth
 - Level 5.5 Shields
 + Level 7.3 Invocations


You had 11 spell levels left.
You didn't know any spells.

Dungeon Overview and Level Annotations

Branches:
Dungeon (12/15)            Temple (1/1) D:5            Lair (0/6) D:11
    Orc (0/2) D:12

Altars:
Ashenzari
Cheibriados
Dithmenos
Elyvilon
Fedhas
Gozag
Hepliaklqana
Kikubaaqudgha
Makhleb
Nemelex Xobeh
Okawaru
Qazlal
Ru
Sif Muna
Trog
Uskayaw
Vehumet
Xom
Yredelemnul
Zin
The Shining One
Beogh

Shops:
D:8 ([(   D:9 !   D:10 !}*:[

Annotations:
D:4 Ladykiller69's ghost, novice FoFi
D:6 Edmund; Menkaure
D:11 exclusion: door


Message History

You kill the orc warrior!
You puncture the slime creature!
The slime creature is moderately wounded.
You block the slime creature's attack.
You hit the slime creature.
The slime creature is moderately wounded.
The slime creature hits you!
* * * LOW HITPOINT WARNING * * *
You are feeling hungry.
There is a stone staircase leading up here.
The slime creature hits you.
* * * LOW HITPOINT WARNING * * *
Press: ? - help, v - describe, . - travel The floor.
The slime creature barely misses you. You block the slime creature's attack.
The slime creature hits you!
* * * LOW HITPOINT WARNING * * *
The slime creature hits you!
You die...

#.#.......... ###...........
###............#
##.##..........##
##....)..........#
#.................
###.................
##.#............)....
##...@.......####+####
##...J....>...#D^#.#^.#
#...........#.####.####
###..........##.#.^#.#^.#
##..#..........#.####.####
##................#Y^#^#^Q#
##.....J...........####+####
##.....................#=#...
#..............^.......###...


You could see 2 slime creatures.

Vanquished Creatures
  2 hydras (D:12)
  Erica (D:8)
  The ghost of SeriousVitamin the Transmogrifier, a novice NaTm (D:9)
  An unseen horror (D:11)
  A hill giant (D:11)
  An ugly thing (D:12)
  2 deep elf magi
  2 manticores (D:12)
  Maurice (D:8)
  An elephant (D:11)
  Psyche (D:8)
  An efreet (D:10)
  A troll (D:11)
  2 hornets (D:9)
  4 hippogriffs
  2 slime creatures (D:12)
  A wyvern (D:10)
  A shadow (D:11)
  A yak (D:11)
  Sigmund (D:2)
  A vampire (D:11)
  A hungry ghost (D:8)
  Grum (D:8)
  A mottled dragon (D:12)
  Duvessa (D:4)
  2 water moccasins
  A soldier ant (D:9)
  8 orc warriors
  4 sky beasts
  An ice beast (D:7)
  A black bear (D:10)
  2 phantoms
  4 wolves (D:8)
  8 ogres
  11 centaurs
  2 crocodiles
  8 big kobolds
  6 bullfrogs
  2 gnoll sergeants
  Dowan (D:4)
  5 scorpions
  5 killer bees (D:8)
  A vampire bat (D:9)
  5 wights (D:11)
  4 crimson imps
  4 jellies
  A centaur zombie (D:5)
  5 hounds
  A bullfrog skeleton (D:7)
  6 orc priests
  11 orc wizards
  4 centaur skeletons
  3 iguanas
  7 worker ants
  2 killer bee zombies
  2 hound skeletons
  A howler monkey skeleton (D:6)
  12 gnolls
  17 adders
  2 shadow imps
  An adder zombie (D:8)
  3 worms
  4 dart slugs
  4 leopard geckos
  46 orcs
  A giant cockroach (D:2)
  11 goblins
  14 hobgoblins
  8 jackals
  3 quokkas
  2 ball pythons
  13 bats
  3 frilled lizards
  A goblin skeleton (D:7)
  4 hobgoblin zombies (D:7)
  59 kobolds
  3 kobold skeletons (D:7)
  2 kobold zombies (D:7)
  A leopard gecko skeleton (D:4)
  7 rats
382 creatures vanquished.

Vanquished Creatures (others)
  A plant (D:11)
1 creature vanquished.

Grand Total: 383 creatures vanquished

Notes
Turn   | Place    | Note
-------+----------+-------------------------------------------
     0 | D:1      | Ladykiller69 the High Elf Assassin began the quest for the Orb.
     0 | D:1      | Reached XP level 1. HP: 14/14 MP: 2/2
   264 | D:1      | Reached XP level 2. HP: 19/19 MP: 3/3
  1002 | D:2      | Reached skill level 3 in Short Blades
  1094 | D:2      | Reached XP level 3. HP: 24/24 MP: 4/4
  1127 | D:2      | Reached skill level 5 in Stealth
  1552 | D:2      | Noticed Sigmund
  1559 | D:2      | Killed Sigmund
  1559 | D:2      | Reached skill level 4 in Short Blades
  1559 | D:2      | Reached XP level 4. HP: 29/29 MP: 5/5
  1559 | D:2      | Reached XP level 5. HP: 34/34 MP: 6/6
  2199 | D:3      | Reached skill level 5 in Short Blades
  2643 | D:3      | Found a faded altar of an unknown god.
  2680 | D:3      | Reached XP level 6. HP: 30/39 MP: 7/7
  3234 | D:4      | Noticed Duvessa
  3234 | D:4      | Noticed Dowan
  3330 | D:4      | Killed Duvessa
  3330 | D:4      | Reached skill level 6 in Short Blades
  3355 | D:4      | Killed Dowan
  3355 | D:4      | Reached XP level 7. HP: 19/45 MP: 8/8
  3980 | D:4      | Noticed Ladykiller69's ghost (novice FoFi)
  4119 | D:4      | Reached skill level 7 in Short Blades
  4966 | D:5      | Entered Level 5 of the Dungeon
  5261 | D:5      | Found a staircase to the Ecumenical Temple.
  5268 | Temple   | Entered the Ecumenical Temple
  5302 | Temple   | Became a worshipper of Uskayaw the Reveler
  5351 | D:5      | Reached * piety under Uskayaw
  5585 | D:5      | Reached ** piety under Uskayaw
  5704 | D:5      | Reached skill level 8 in Short Blades
  5704 | D:5      | Reached XP level 8. HP: 18/50 MP: 4/9
  6464 | D:5      | Reached skill level 1 in Armour
  6583 | D:6      | Noticed Edmund
  7061 | D:5      | Reached *** piety under Uskayaw
  7062 | D:5      | Reached skill level 9 in Short Blades
  8200 | D:5      | Reached XP level 9. HP: 46/54 MP: 10/10
  8621 | D:6      | Reached skill level 5 in Dodging
  9021 | D:5      | Reached **** piety under Uskayaw
  9311 | D:6      | Reached skill level 10 in Short Blades
  9384 | D:6      | Noticed Menkaure
  9805 | D:7      | Reached skill level 5 in Armour
  9957 | D:7      | Found a glowing golden altar of the Shining One.
 10123 | D:7      | You fall through a shaft for 2 floors!
 10283 | D:8      | Reached XP level 10. HP: 58/60 MP: 11/11
 10313 | D:8      | Reached ***** piety under Uskayaw
 10786 | D:9      | Found Guhuyrr's Distillery.
 11009 | D:9      | Got a transparent dagger
 11010 | D:9      | Identified the +7 dagger of the Unkillable {venom, rElec rPois MP+9 Str-4} (You found it on level 9 of the Dungeon)
 11020 | D:10     | Entered Level 10 of the Dungeon
 11050 | D:9      | Found a shadowy altar of Dithmenos.
 11413 | D:9      | Reached skill level 11 in Short Blades
 11413 | D:9      | Reached skill level 1 in Invocations
 11529 | D:8      | Found Doesk's Antique Weapon Boutique.
 11529 | D:8      | Noticed Erica
 11531 | D:8      | Killed Erica
 11642 | D:8      | Found Wydwobbe's Armour Boutique.
 11651 | D:8      | Noticed Grum
 11666 | D:8      | Killed Grum
 12126 | D:8      | Noticed Psyche
 12132 | D:8      | Killed Psyche
 12154 | D:8      | Found Petu's Antique Weapon Emporium.
 12199 | D:8      | Bought a bloodstained rapier for 225 gold pieces
 12199 | D:8      | Identified the +6 rapier of the Wheel {venom, rPois MR- Str+2 Dex+5} (You bought it in a shop on level 8 of the Dungeon)
 12230 | D:8      | Noticed Maurice
 12243 | D:8      | Killed Maurice
 12692 | D:9      | Paralysed by a hornet for 2 turns
 12694 | D:9      | Reached skill level 1 in Shields
 12696 | D:9      | Reached XP level 11. HP: 47/64 MP: 13/15
 12894 | D:9      | Noticed SeriousVitamin's ghost (novice NaTm)
 13296 | D:9      | Killed SeriousVitamin's ghost
 13540 | D:10     | Found Kumam's Book Shoppe.
 13606 | D:10     | Noticed a deep elf mage
 13618 | D:10     | Killed a deep elf mage
 13674 | D:10     | Found Qexutrux's Antique Armour Emporium.
 13801 | D:10     | Reached skill level 12 in Short Blades
 13856 | D:10     | Found Tuproum's General Store.
 14009 | D:10     | Found Seon's Distillery.
 14076 | D:10     | Reached skill level 5 in Invocations
 14084 | D:10     | Found Kumm's Gadget Shop.
 14289 | D:11     | Noticed a hill giant
 14305 | D:11     | Killed a hill giant
 14488 | D:11     | Noticed a six-headed hydra
 14488 | D:11     | Noticed an orc knight
 14492 | D:11     | Noticed a tengu warrior
 14503 | D:11     | Noticed a deep elf mage
 14555 | D:10     | Noticed a hill giant
 15007 | D:11     | Killed an unseen horror
 15007 | D:11     | Reached skill level 5 in Shields
 15459 | D:11     | Killed a deep elf mage
 15729 | D:11     | Found a staircase to the Lair.
 16155 | D:12     | Noticed a six-headed hydra
 16161 | D:12     | Killed a six-headed hydra
 16305 | D:12     | Reached XP level 12. HP: 70/70 MP: 18/18
 16475 | D:12     | Reached skill level 13 in Short Blades
 16493 | D:12     | Noticed a five-headed hydra
 16504 | D:12     | Killed a five-headed hydra
 16517 | D:12     | Found a roughly hewn altar of Beogh.
 16517 | D:12     | Found a staircase to the Orcish Mines.
 16686 | D:11     | Slain by a slime creature

Skill      XL: |  1  2  3  4  5  6  7  8  9 10 11 12 |
---------------+-------------------------------------+-----
Short Blades   | 3 4 5 6 8 9 10 11 12 13 | 13.1
Dodging        | 2 4 6 8 9 |  9.1
Stealth        | 6 7 9 |  9.1
Armour         | 3 6 8 |  8.7
Invocations    | 4 6 7 |  7.3
Shields        | 1 5 |  5.5
Fighting       | |  2.0
Throwing       | |  2.0

Action                   |  1- 3 |  4- 6 |  7- 9 | 10-12 || total
-------------------------+-------+-------+-------+-------++-------
Melee: Dagger            |    70 |   187 |  1002 |   252 ||  1511
       Rapier            |       |       |       |   508 ||   508
 Fire: Blowgun           |       |    10 |    18 |     7 ||    35
Throw: Stone             |       |       |    28 |     1 ||    29
Invok: Line Pass         |       |       |     1 |     1 ||     2
Evoke: Wand              |       |       |       |     2 ||     2
  Use: Scroll            |       |       |     2 |    20 ||    22
       Potion            |       |       |     2 |     2 ||     4
 Stab: Sleeping          |     7 |     7 |    33 |    14 ||    61
       Paralysed         |       |     2 |     8 |    35 ||    45
       Confused          |       |       |     1 |     1 ||     2
       Invisible         |       |       |     2 |       ||     2
       Distracted        |       |       |     1 |       ||     1
  Eat: Chunk             |     2 |     5 |    15 |    12 ||    34
       Bread ration      |       |       |     2 |     2 ||     4
Armor: Robe              |     8 |    52 |   165 |    58 ||   283
       Scale mail        |       |       |       |    87 ||    87
       Mottled dragon sc |       |       |       |    11 ||    11
Dodge: Dodged            |    31 |    95 |   417 |   406 ||   949
Block: Buckler           |       |       |       |   158 ||   158
       Other             |       |       |       |     5 ||     5
       Reflection        |       |       |       |     9 ||     9
